 Dungeon Crawl Stone Soup version 0.29-a0-96-g93358da72b (webtiles) character file.

Game seed: 11987963670551288107

92 Sweetruy1997 the Slasher (level 4, 0/31 HPs)
             Began as a Demonspawn Chaos Knight on Feb 13, 2022.
             Was a Plaything of Xom.
             Slain by an ice beast (8 damage)
             ... on level 3 of the Dungeon.
             The game lasted 00:06:43 (4049 turns).

Sweetruy1997 the Slasher (Demonspawn Chaos Knight)  Turns: 4049, Time: 00:06:44

Health: 0/31       AC:  7    Str: 18 (19) XL:     4   Next: 35%
Magic:  4/4        EV: 11    Int: 13      God:    Xom [.*....]
Gold:   6          SH:  4    Dex: 12      Spells: 3/3 levels left

rFire   . . .      SeeInvis .   a - +0 falchion (chaos)
rCold   . . .      Faith    .   (no shield)
rNeg    . . .      Spirit   .   b - +3 leather armour
rPois   .          Reflect  .   h - +0 helmet
rElec   .          Harm     .   (no cloak)
rCorr   .          Rampage  .   (no gloves)
Will    +....                   (no boots)
Stlth   +.........              (no amulet)
HPRegen 0.10/turn               c - ring of willpower
MPRegen 0.09/turn               g - +6 ring of strength

@: no status effects
A: claws 1, icy blue scales 1, large bone plates 1, clumsy 1, deformed body,
deterioration 1, frail 1
a: Renounce Religion


You were on level 3 of the Dungeon.
You worshipped Xom.
You were a plaything of Xom.
You visited 1 branch of the dungeon, and saw 3 of its levels.

You collected 84 gold pieces.
You spent 78 gold pieces at shops.

Inventory:

Hand Weapons
 a - a +0 falchion of chaos (weapon)
Armour
 b - a +3 leather armour (worn)
 h - a +0 helmet (worn)
Jewellery
 c - a ring of willpower (left claw)
 g - a +6 ring of strength (right claw)
Scrolls
 d - a scroll of identify
 e - a scroll of teleportation
Potions
 f - a potion of curing
 i - a potion of might {unknown}


   Skills:
 - Level 3.0 Fighting
 + Level 4.6 Long Blades
 - Level 2.0 Armour
 - Level 1.0 Dodging


You had 3 spell levels left.
You didn't know any spells.
Your spell library contained the following spells:

 Spells                   Type           Power      Damage    Failure   Level
 Corpse Rot               Necr/Air       0%         N/A       50%         2
 Poisonous Vapours        Pois/Air       0%         N/A       50%         2


Dungeon Overview and Level Annotations

Branches:
Dungeon (3/15)

Altars:
The Shining One

Shops:
D:1 [   D:3 ?


Innate Abilities, Weirdness & Mutations

You have sharp fingernails.
You are partially covered in icy blue scales. (AC +2)
You are partially covered in large bone plates. (SH +4)
You are clumsy. (Dex -2)
Armour fits poorly on your strangely shaped body.
Your body sometimes deteriorates upon taking damage.
You are frail. (-10% HP)


Message History

An orc comes into view. It is wielding a +0 flail.
The orc shouts!
An ice beast comes into view.
As you read the scroll of identify, it crumbles to dust.
j - a scroll of enchant armour
As you read the scroll of enchant armour, it crumbles to dust.
Your +2 leather armour glows green for a moment.
You block the orc's attack.
You hit the orc but do no damage.
A ball python comes into view.
The orc hits you with a +0 flail.
The ball python hisses angrily.
You hit the orc but do no damage. The orc barely misses you.
You hit the orc but do no damage. You block the orc's attack.
You barely miss the orc. The orc closely misses you.
You barely miss the orc. The orc hits you but does no damage.
You hit the orc but do no damage. The orc hits you with a +0 flail.
You barely miss the orc. The orc hits you but does no damage.
You slash the orc! Lightning courses through the orc!
You kill the orc!
You hit the ice beast.
The ice beast goes berserk!
Xom is amused.
The ice beast is lightly wounded.
The ice beast hits you. The ice beast freezes you!
* * * LOW HITPOINT WARNING * * *
Your body deteriorates!
You feel weakened.
A shower of butterflies erupts from you!
You swap places.
The ice beast completely misses your butterfly.
The ice beast closely misses your butterfly.
You swap places.
The ice beast closely misses your butterfly.
A kobold comes into view.
It is wielding a +0 short sword of holy wrath.
The ice beast closely misses you. x2
There is an open door here.
The ice beast hits you.
* * * LOW HITPOINT WARNING * * *
The ice beast freezes you!
You die...
Xom chuckles heartily!

# #.# #.# #.###.....<.##
######.#########.#
#.....>.....#
.................#
#####.......#
#####..########.##
#.......#### #.## #.#
#.......#... #.# #.#
#.......#.## #(# #.##
###.....#.## #.# #..#
#........# #.# #######@#
####..#.#. #.# ##...###Y#
..###....... #..
#....)##S##....K#....#.#.
##
#....)...B......###.....#
... #...b.#####.....
#..#.## ...# ##...## ...#
#..#.# #.....#####.## .##
#..#)## ......... #.# #
#..#... # ... #.# #.#
#..####


You could see an ice beast (berserk), a giant cockroach and a ball python.

Vanquished Creatures
  4 adders
  A worm (D:2)
  3 dart slugs
  An orc (D:3)
  4 endoplasms
  3 giant cockroaches
  4 goblins
  A hobgoblin (D:1)
  A quokka (D:2)
  4 ball pythons
  6 bats
  7 kobolds
  7 rats
  A spectral goblin (D:1)
47 creatures vanquished.

Notes
Turn   | Place    | Note
-------+----------+-------------------------------------------
     0 | D:1      | Sweetruy1997 the Demonspawn Chaos Knight began the quest
                  | for the Orb.
     0 | D:1      | Reached XP level 1. HP: 18/18 MP: 1/1
     4 | D:1      | XOM: silly message
    69 | D:1      | XOM: silly message
    79 | D:1      | Reached skill level 3 in Long Blades
   195 | D:1      | Gained mutation: You have sharp fingernails. [demonic
                  | ancestry]
   195 | D:1      | Reached XP level 2. HP: 20/24 MP: 2/2
   279 | D:1      | Reached skill level 1 in Dodging
   393 | D:1      | Found a faded altar of an unknown god.
   768 | D:1      | Found Cupreigh's Armour Shop.
  1374 | D:2      | XOM: silly message
  1535 | D:2      | Gained mutation: You are partially covered in icy blue
                  | scales. (AC +2) [demonic ancestry]
  1535 | D:2      | Reached XP level 3. HP: 7/29 MP: 3/3
  1949 | D:2      | Reached skill level 4 in Long Blades
  2224 | D:2      | XOM: divination: magic mapping
  2242 | D:2      | XOM: 6-stop teleportation journey
  2297 | D:2      | XOM: 6-stop teleportation journey
  2488 | D:2      | XOM: summons 2 hostile demons
  2501 | D:2      | XOM: butterfly on damage
  2869 | D:2      | XOM: 2-stop teleportation journey
  3423 | D:3      | XOM: stealth player
  3434 | D:3      | Reached XP level 4. HP: 35/35 MP: 4/4
  3660 | D:3      | XOM: 3-stop teleportation journey
  3754 | D:3      | XOM: give mutations
  3754 | D:3      | Gained mutation: Armour fits poorly on your strangely
                  | shaped body. [Xom's mischief]
  3754 | D:3      | Gained mutation: You are frail. (-10% HP) [Xom's mischief]
  3754 | D:3      | Gained mutation: You tend to lose your temper in combat.
                  | [Xom's mischief]
  3852 | D:3      | Found Weniab's Magic Scroll Shop.
  3869 | D:3      | Bought 2 scrolls of identify for 52 gold pieces
  3869 | D:3      | Bought a scroll of identify for 26 gold pieces
  3919 | D:3      | XOM: give mutations
  3919 | D:3      | Lost mutation: You tend to lose your temper in combat.
                  | [Xom's mischief]
  3919 | D:3      | Gained mutation: Your body sometimes deteriorates upon
                  | taking damage. [Xom's mischief]
  3919 | D:3      | Gained mutation: You are partially covered in large bone
                  | plates. (SH +4) [Xom's mischief]
  3919 | D:3      | Gained mutation: You are clumsy. (Dex -2) [Xom's mischief]
  4026 | D:3      | Noticed an ice beast
  4039 | D:3      | XOM: butterfly on damage
  4049 | D:3      | Slain by an ice beast

Illustrated notes

Levels and vault maps discovered:
D:1:      tarquinn_simple_flora_water_f, layout_loops_ring, serial_shops, shop,
          dreamdust_ecumenical_altar_drowned_temple, st_stairs_14,
          minmay_heptomino_l4
D:2:      layout_basic, basic_altar, roderic_lattice_a
D:3:      minmay_octagon_keep, layout_loops_ring, serial_shops,
          nicolae_shop_hallway_stairs

Skill      XL: |  1  2  3 |
---------------+----------+-----
Long Blades    | 3 4 |  4.6
Dodging        | 1 |  1.0
Armour         | 2 |  2.0
Fighting       | |  3.0

Action                   |  1- 3 |  4- 6 || total
-------------------------+-------+-------++-------
Melee: Falchion          |   188 |    37 ||   225
       Punch             |     2 |       ||     2
Throw: Throwing net      |     1 |       ||     1
  Use: Scroll            |     1 |     4 ||     5
       Potion            |     1 |       ||     1
 Stab: Sleeping          |     1 |       ||     1
       Petrifying        |       |     1 ||     1
Armor: Leather armour    |   131 |    15 ||   146
       Skin              |     7 |       ||     7
Dodge: Dodged            |   126 |    16 ||   142
Block: Other             |       |     3 ||     3

Table legend: (Time is in decaauts)
 A = Elapsed time spent in this place.
 B = Non-inter-level travel time spent in this place.
 C = Inter-level travel time spent in this place.
 D = Time resting spent in this place.
 E = Time spent auto-exploring this place.
 F = Levels seen in this place.
 G = Mean time per level.
                   A        B        C        D        E       F      G
               +--------+--------+--------+--------+--------+-----+--------+
         Total |   4089 |   3943 |    146 |    838 |   2562 |   3 | 1363.0 |
       Dungeon |   4089 |   3943 |    146 |    838 |   2562 |   3 | 1363.0 |
               +--------+--------+--------+--------+--------+-----+--------+

Top non-repeatable levels by time:
     D:2: 2230 daAuts
     D:1: 1230 daAuts
     D:3: 628 daAuts
